 Seeded DCSS version 0.32-a0-909-gc671339a80 (webtiles) character file.

Game seed: 3004286359654636035 (custom seed)

22 demibob the Chopper (level 2, -2/26 HPs)
             Began as a Mountain Dwarf Fighter on Apr 6, 2024.
             Slain by Natasha (3 damage)
             ... on level 2 of the Dungeon.
             The game lasted 00:00:58 (818 turns).

demibob the Chopper (Mountain Dwarf Fighter)         Turns: 818, Time: 00:00:59

Health: -2/26      AC:  6    Str: 18    XL:     2   Next: 68%
Magic:  2/2        EV:  8    Int:  8    God:
Gold:   183        SH:  0    Dex:  9    Spells: 1/1 levels left

rFire   . . .        a - +0 war axe (vamp)
rCold   . . .        (no shield)
rNeg    . . .        b - +0 scale mail
rPois   .            (no helmet)
rElec   .            (no cloak)
rCorr   .            (no gloves)
SInv    .            (no boots)
Will    .....        (no amulet) Stlth
                     (no ring)
HPRegen 0.24/turn    (no ring)
MPRegen 0.08/turn

%: no passive effects
@: no status effects
A: runic magic, artefact enchanting
a: no special abilities


You were on level 2 of the Dungeon.
You visited 1 branch of the dungeon, and saw 2 of its levels.

You collected 183 gold pieces.


Innate Abilities, Weirdness & Mutations

Your spellcasting is much less encumbered by armour.
You can use scrolls of enchantment on lesser artefacts.


   Skills:
 - Level 3.2 Fighting
 + Level 4.0 Axes
 - Level 3.2 Armour
 - Level 3.2 Shields


You had one spell level left.
You didn't know any spells.
Your spell library was empty.

Inventory:

Hand Weapons
 a - a +0 vampiric war axe (weapon)
Armour
 b - a +0 scale mail (worn)
Scrolls
 c - a scroll of identify {@r1}
 e - a scroll of teleportation {unknown}
 g - 2 scrolls of fear
 h - a scroll of blinking {unknown}
Potions
 d - a potion of might
 f - a potion of curing {unknown}
 i - a potion of haste {unknown}

Dungeon Overview and Level Annotations

Branches:
Dungeon (2/15)

Altars:

Shops:
D:1 =?(*?

Annotations:
D:2 Natasha

#............#
#...#######..#
#...# #..#
#...# #..# #
#...# #..#
#.## #...#
#..#
#....#...#
#..#
.........#
#..######
/......@.#
#........
##.#.##h.#
#........ # #.
#5.# #########
#. #..# # #..#
##.. .# .#


You could see Natasha and a cerulean imp (summoned).


Message History

Natasha is lightly wounded.
Natasha completely misses you.
The cerulean imp hits you from afar with a +2 spear.
You closely miss Natasha.
Natasha is lightly wounded.
Natasha claws you.
* * * LOW HITPOINT WARNING * * *
The cerulean imp hits you from afar with a +2 spear.
* * * LOW HITPOINT WARNING * * *
Natasha claws you but does no damage.
You slash Natasha!
You feel better.
Natasha is severely wounded.
The cerulean imp hits you from afar with a +2 spear.
* * * LOW HITPOINT WARNING * * *
Natasha claws you.
* * * LOW HITPOINT WARNING * * *
The cerulean imp hits you from afar with a +2 spear!
* * * LOW HITPOINT WARNING * * *
You closely miss Natasha.
Natasha is severely wounded.
Natasha casts a spell at you. You resist with significant effort.
The cerulean imp hits you from afar with a +2 spear.
* * * LOW HITPOINT WARNING * * *
As you read the scroll labelled MYGAOG QINT, it crumbles to dust.
It is a scroll of identify.
g - 2 scrolls of fear Natasha claws you.
You die...
Natasha begins licking her fur clean.

Skill      XL: |  1  2 |
---------------+-------+-----
Axes           | 3 4 |  4.0
Fighting       | |  3.2
Armour         | |  3.2
Shields        | |  3.2

Action                     || total
---------------------------++-------
  Melee: War axe           ||    50
    Use: Scroll            ||     2
 Armour: Scale mail        ||    40
  Dodge: Dodged            ||    31

Levels and vault maps discovered:
D:1:      dpeg_arrival_leaves_temple_mockup, layout_loops_ring, serial_shops,
          nicolae_shop_bloodbath_and_beyond, shop_coins,
          nicolae_shop_gibbet_a_chance, nicolae_square_shop, shop
D:2:      minmay_general_purpose_star, layout_basic, uniq_terence, uniq_natasha

Notes
Turn   | Place    | Note
-------+----------+-------------------------------------------
     0 | D:1      | demibob the Mountain Dwarf Fighter began the quest for the
                  | Orb.
     0 | D:1      | Reached XP level 1. HP: 19/19 MP: 1/1
    82 | D:1      | Found Zoboh's Magic Scroll Boutique.
   154 | D:1      | Found Agosher's Weapon Boutique.
   162 | D:1      | Reached skill level 3 in Axes
   176 | D:1      | Found Wiosocla's Assorted Antiques.
   290 | D:1      | Reached XP level 2. HP: 26/26 MP: 2/2
   319 | D:1      | Found Kuinkor's Jewellery Boutique.
   668 | D:1      | Found Coeppiora's Magic Scroll Emporium.
   675 | D:1      | Reached skill level 4 in Axes
   809 | D:2      | Noticed Natasha
   817 | D:2      | HP: 1/26 [cerulean imp/+2 spear[Natasha] (3)]
   818 | D:2      | Slain by Natasha

Vanquished Creatures
  A dart slug (D:1)
  3 bats (D:1)
  2 endoplasms (D:1)
  A giant cockroach (D:1)
  A goblin (D:1)
  2 hobgoblins (D:1)
  A kobold (D:1)
  2 ball pythons (D:1)
  3 frilled lizards (D:1)
  3 rats (D:1)
19 creatures vanquished.

Table legend: (Time is in decaauts)
 A = Elapsed time spent in this place.
 B = Non-inter-level travel time spent in this place.
 C = Inter-level travel time spent in this place.
 D = Time resting spent in this place.
 E = Time spent auto-exploring this place.
 F = Levels seen in this place.
 G = Mean time per level.
                   A        B        C        D        E       F      G
               +--------+--------+--------+--------+--------+-----+--------+
         Total |    834 |    826 |      8 |      0 |    690 |   2 |  417.0 |
       Dungeon |    834 |    826 |      8 |      0 |    690 |   2 |  417.0 |
               +--------+--------+--------+--------+--------+-----+--------+

Top non-repeatable levels by time:
     D:1: 707 daAuts
     D:2: 126 daAuts

Table legend:
 A = Non-vault XP
 B = Vault XP
 C = Vault XP percentage of total XP
 D = Non-vault monster count
 E = Vault monster count
 F = Vault count percentage of total count
                 A         B        C        D         E       F
            +---------+---------+-------+---------+---------+-------
      Total |      32 |       0 |   0.0 |      19 |       0 |   0.0
            +---------+---------+-------+---------+---------+-------
        D:1 |      32 |       0 |   0.0 |      19 |       0 |   0.0
            +---------+---------+-------+---------+---------+-------
